 Dungeon Crawl Stone Soup version 0.31.0-1-g2c135a008e (webtiles) character file.

Game seed: 17572128376215639895

134 qw the Shooter (level 5, -1/40 HPs)
             Began as a Djinni Hunter on Jan 24, 2024.
             Killed from afar by Ijyb (13 damage)
             ... with a bolt of dispelling energy
             ... on level 3 of the Dungeon.
             The game lasted 00:00:08 (2112 turns).

qw the Shooter (Djinni Hunter)                      Turns: 2112, Time: 00:00:09

Health: -1/40      AC:  6    Str: 10    XL:     5   Next: 40%
Gold:   126        EV: 11    Int:  6    God:
                   SH:  0    Dex: 22

rFire   + + +        a - +0 shortbow
rCold   x . .        (shield currently unavailable)
rNeg    . . .        d - +0 ring mail
rPois   inf          b - +0 helmet
rElec   .            (no cloak)
rCorr   .            (no gloves)
SInv    .            (boots unavailable)
Will    .....        (no amulet)
Stlth   +            c - ring "Zogeemn" {rF+ Int-5 Dex+4}
HPRegen 0.26/turn    (no ring)
MPRegen 0.00/turn

%: infuse magic (-2 HP)
@: flying
A: sickness immunity, fire resistance 2, cold vulnerability 1, float, innate
caster, HP casting, extra vitality 1
a: no special abilities


You were on level 3 of the Dungeon.
You visited 1 branch of the dungeon, and saw 3 of its levels.

You collected 126 gold pieces.


Innate Abilities, Weirdness & Mutations

You are immune to sickness and miasma.
You are immune to poison.
Your flesh is very heat resistant. (rF++)
You are vulnerable to cold. (rC-)
You float through the air rather than walking.
You learn spells naturally, not from books.
Your magical power is your life essence.
You have superior vitality. (+4 MHP)


   Skills:
 - Level 3.0 Fighting
 + Level 4.2 Ranged Weapons
 - Level 1.6 Armour
 - Level 3.0 Dodging
 - Level 0.7 Stealth


You knew the following spells:

 Your Spells              Type           Power      Damage    Failure   Level
a - Slow                  Hex            0%         N/A       77%         1
b - Mercury Vapours       Alch/Air       0%         N/A       88%         2
Your spell library was empty.

Inventory:

Hand Weapons
 a - a +0 shortbow (weapon)
Armour
 b - a +0 helmet (worn)
 d - a +0 ring mail (worn)
 j - a +0 troll leather armour
Jewellery
 c - the ring "Zogeemn" (left hand) {rF+ Int-5 Dex+4}
   (You acquired it on level 2 of the Dungeon)

   [ring of protection from fire]

   Int-5:     It affects your intelligence (-5).
   Dex+4:     It affects your dexterity (+4).
   rF+:       It protects you from fire.
Wands
 l - a wand of quicksilver (9)
Scrolls
 h - 3 scrolls of teleportation
 i - a scroll of identify {unknown}
Potions
 e - a potion of magic {unknown}
 f - a potion of cancellation {unknown}
 g - a potion of invisibility {unknown}
 k - a potion of ambrosia {unknown}

Dungeon Overview and Level Annotations

Branches:
Dungeon (3/15)

Altars:

Annotations:
D:3 Ijyb


Message History

Enter note:
Enter note:
Things that are here:
a +0 short sword; 7 poisoned darts
Enter note: An endoplasm comes into view.
You shoot an arrow. The arrow hits the endoplasm.
The endoplasm is lightly wounded.
You shoot an arrow. The arrow hits the endoplasm.
The endoplasm is almost dead.
You shoot an arrow. The arrow hits the endoplasm!
You kill the endoplasm!
You now have 126 gold pieces (gained 12).
Ijyb the Twisted Goblin comes into view.
She is wielding a +0 club and carrying a wand of quicksilver.
Ijyb shouts!
Ijyb zaps a wand.
The bolt of dispelling energy misses you.
You shoot an arrow. The arrow closely misses Ijyb.
You shoot an arrow. The arrow closely misses Ijyb.
Ijyb screams, "Me kill you!"
You shoot an arrow. The arrow closely misses Ijyb.
Ijyb hits you but does no damage.
You shoot an arrow. The arrow barely misses Ijyb.
Ijyb hits you but does no damage.
You shoot an arrow. The arrow closely misses Ijyb.
Ijyb hits you with a +0 club. x2
You shoot an arrow. The arrow hits Ijyb!
Ijyb is heavily wounded.
Ijyb zaps a wand.
The bolt of dispelling energy hits you!
You shoot an arrow. The arrow hits Ijyb but does no damage.
Ijyb is heavily wounded.
Ijyb zaps a wand.
The bolt of dispelling energy hits you!
You shoot an arrow. The arrow hits Ijyb.
Ijyb is heavily wounded.
Ijyb screams, "It's all mine!"
Ijyb completely misses you. Ijyb hits you with a +0 club.
You shoot an arrow. The arrow hits Ijyb!
Ijyb is almost dead.
Ijyb zaps a wand.
The bolt of dispelling energy hits you!
You die...

##....#.#.#
#.#...#...##..##.#
........#.#
#.#........#..##.#
##....###.#
.#..............# ######
# #...#........####
#.#...............#
#.#.....#..##..##.#
.###....####..##..##.#
......g...........##.###
###..#.@####............
#...................#.
#...#.#########.#..##.
......#.# #.#..##.
.##.....# #.#..##.
#.#.#.#########.#..##.
.. #........<..#..##. ..
#########%#.#..##.
#......##.


You could see Ijyb.

Vanquished Creatures
  Terence (D:3)
  Robin (D:1)
  A gnoll (D:1)
  An adder (D:2)
  3 dart slugs
  A ribbon worm (D:2)
  3 endoplasms
  4 giant cockroaches (D:1)
  13 goblins (D:1)
  5 hobgoblins
  4 jackals (D:1)
  10 kobolds
  5 ball pythons
  6 bats
  5 frilled lizards
  7 rats
70 creatures vanquished.

Notes
Turn   | Place    | Note
-------+----------+-------------------------------------------
     0 | D:1      | qw the Djinni Hunter began the quest for the Orb.
     0 | D:1      | Reached XP level 1. HP: 18/18 MP: 0/0
     0 | D:1      | 0 ||| qw: Version: 0.3-a-136-gdd3b4e8
     0 | D:1      | 0 ||| qw: Game counter: 1286
     0 | D:1      | 0 ||| qw: Melee chars always use a shield: true
     0 | D:1      | 0 ||| qw: God list: Okawaru
     0 | D:1      | 0 ||| qw: Allow faded altars: false
     0 | D:1      | 0 ||| qw: Do Orc after clearing Dungeon:15 true
     0 | D:1      | 0 ||| qw: Do second Lair branch before Depths: true
     0 | D:1      | 0 ||| qw: Lair rune preference: random
     0 | D:1      | 0 ||| qw: Goals: Normal
     0 | D:1      | 0 ||| PLANNING D:1-11
    70 | D:1      | Reached XP level 2. HP: 23/23 MP: 0/0
   155 | D:1      | Reached skill level 4 in Ranged Weapons
   155 | D:1      | Reached XP level 3. HP: 28/28 MP: 0/0
   155 | D:1      | Learned a level 1 spell: Slow
   643 | D:1      | Reached XP level 4. HP: 34/34 MP: 0/0
   662 | D:1      | 662 ||| READING scroll labelled QUDAIP PUVOL.
   663 | D:1      | 663 ||| READING scroll labelled SIOCROPLA XIYR.
   668 | D:1      | 668 ||| READING scroll labelled ONEBRO DOUZ.
   668 | D:1      | 668 ||| ENCHANTING +0 shortbow.
   669 | D:1      | 669 ||| DROPPING scroll of butterflies.
   682 | D:2      | Noticed Robin
   683 | D:2      | 683 ||| STAIRDANCE
   690 | D:1      | Reached skill level 3 in Fighting
   720 | D:2      | 720 ||| STAIRDANCE
   811 | D:2      | 811 ||| STAIRDANCE
   816 | D:1      | Killed Robin
   824 | D:1      | Reached skill level 3 in Dodging
   876 | D:1      | 876 ||| UPGRADING to +0 helmet.
  1218 | D:2      | 1218 ||| READING scroll labelled FURURO MUSIFO.
  1219 | D:2      | 1219 ||| READING scroll labelled HOUTUFY QONEDO.
  1630 | D:2      | 1630 ||| UPGRADING to +0 ring mail.
  1640 | D:2      | 1640 ||| DROPPING +0 leather armour.
  1641 | D:2      | 1641 ||| READING scroll labelled ROCAOZEASYM.
  1641 | D:2      | Identified a scroll of acquirement
  1641 | D:2      | 1641 ||| ACQUIRING ring "Zogeemn" {rF+ Int-5 Dex+4}
  1641 | D:2      | Acquired the ring "Zogeemn" {rF+ Int-5 Dex+4}
  1643 | D:2      | 1643 ||| UPGRADING to ring "Zogeemn" {rF+ Int-5 Dex+4}.
  1644 | D:2      | 1644 ||| READING scroll labelled CIALIFFAUSCH.
  1741 | D:3      | Reached XP level 5. HP: 40/40 MP: 0/0
  1741 | D:3      | Learned a level 2 spell: Mercury Vapours
  1879 | D:3      | Noticed Terence
  1892 | D:3      | Killed Terence
  1893 | D:3      | Reached skill level 1 in Armour
  2103 | D:3      | Noticed Ijyb
  2112 | D:3      | Killed from afar by Ijyb

Levels and vault maps discovered:
D:1:      dpeg_arrival_arbitrary_a, layout_loops_ring, st_stairs_6,
          minmay_tromino_v4_c
D:2:      layout_basic, uniq_robin
D:3:      layout_basic, gammafunk_temple_overflow_forgotten,
          gammafunk_ghost_nasty_kobolds, chequers_serial_rivers_micro_e,
          uniq_terence, uniq_ijyb, uniq_jessica

Skill      XL: |  1  2  3  4  5 |
---------------+----------------+-----
Ranged Weapons | 4 |  4.2
Fighting       | 3 |  3.0
Dodging        | 3 |  3.0
Armour         | 1 |  1.6
Stealth        | |  0.7

Action                     |  1- 3 |  4- 6 || total
---------------------------+-------+-------++-------
   Fire: Shortbow          |    95 |   107 ||   202
    Use: Scroll            |       |     7 ||     7
 Armour: Leather armour    |    19 |    51 ||    70
         Ring mail         |       |    14 ||    14
  Dodge: Dodged            |    33 |    55 ||    88

Table legend:
 A = Non-vault XP
 B = Vault XP
 C = Vault XP percentage of total XP
 D = Non-vault monster count
 E = Vault monster count
 F = Vault count percentage of total count
                 A         B        C        D         E       F
            +---------+---------+-------+---------+---------+-------
      Total |     113 |      79 |  41.1 |      53 |      17 |  24.3
            +---------+---------+-------+---------+---------+-------
        D:1 |      64 |      43 |  40.2 |      30 |      16 |  34.8
        D:2 |      31 |       0 |   0.0 |      12 |       0 |   0.0
        D:3 |      18 |      36 |  66.7 |      11 |       1 |   8.3
            +---------+---------+-------+---------+---------+-------
